Map: Newkirk Precinct TE (Void)

Players

Railgan - Winner!

  • Race: Zerg Zerg
  • League: Grandmaster
  • Spawn Location: 5:00

Snitchables

  • Race: Zerg Zerg
  • League: Grandmaster
  • Spawn Location: 7:00

VOD

Have the link to the VOD?

Description

Time

  • Played on: March 23, 2017, 8:12 p.m.
  • Length: 22:32
Show
View Real Time Build Order
Export as new Build Order

Railgan Zerg - Winner!

Build Orders: Hatch First, Lurkers 

Get SALT Encoding   

  12  0:01  Drone  
  13  0:13  Overlord  
  13  0:18  Drone  
  14  0:31  Drone x2  
  16  0:35  Drone  
  17  0:55  Hatchery  
  17  0:56  Drone  
  17  1:01  Drone  
  18  1:11  Extractor  
  17  1:16  Spawning Pool  
  16  1:19  Drone  
  16  1:21  Drone  
  18  1:28  Drone  
  19  1:39  Overlord  
  19  1:58  Drone  
  20  2:04  Queen  
  20  2:05  Baneling Nest, Zergling x2  
  20  2:06  Queen  
  20  2:07  Zergling x2  
  25  2:14  Drone  
  26  2:20  Drone  
  26  2:22  Zergling x2  
  28  2:29  Drone  
  29  2:34  Drone  
  30  2:40  Queen  
  30  2:41  Overlord  
  32  2:48  Queen  
  34  2:51  Drone  
  35  3:06  Roach Warren  
  35  3:09  Baneling x2  
  35  3:11  Drone  
  34  3:13  Drone x2  
  34  3:18  Drone x2  
  34  3:19  Drone  
  38  3:29  Zergling x4  
  38  3:30  Drone  
  38  3:32  Evolution Chamber  
  40  3:39  Lair  
  40  3:47  Drone x2  
  42  3:49  Drone x2  
  42  3:51  Drone  
  42  3:52  Drone  
  43  3:57  Drone  
  43  3:58  Zerg Missile Weapons Level 1  
  44  4:03  Overlord  
  44  4:05  Extractor  
  44  4:06  Extractor  
  44  4:07  Baneling  
  44  4:08  Baneling x2  
  42  4:13  Roach  
  42  4:15  Overlord  
  44  4:18  Baneling  
  44  4:23  Overlord  
  44  4:25  Roach  
  44  4:26  Drone  
  46  4:40  Drone x3  
  46  4:45  Drone x3  
  49  4:47  Drone x2  
  49  4:49  Drone  
  49  4:52  Glial Reconstitution  
  50  4:56  Drone x3  
  54  5:00  Drone  
  54  5:02  Drone  
  55  5:12  Overlord  
  55  5:15  Roach x3  
  61  5:26  Overlord  
  61  5:27  Roach x2  
  65  5:30  Overseer  
  65  5:32  Roach  
  65  5:33  Roach  
  65  5:34  Roach  
  71  5:37  Roach  
  71  5:39  Roach  
  75  5:48  Hatchery  
  74  5:53  Roach  
  74  5:54  Roach  
  78  5:58  Roach  
  78  5:59  Roach  
  82  6:10  Overlord  
  82  6:11  Zerg Missile Weapons Level 2  
  82  6:13  Roach  
  82  6:14  Overlord  
  84  6:23  Roach x2  
  84  6:28  Overlord  
  80  6:35  Roach x5  
  80  6:36  Roach  
  90  6:42  Roach  
  90  6:45  Roach  
  92  6:49  Roach x3  
  96  6:56  Roach x2  
  96  6:59  Overlord  
  96  7:00  Drone  
  99  7:05  Drone  
  100  7:09  Drone  
  100  7:10  Drone  
  100  7:17  Drone x2  
  100  7:21  Overlord  
  100  7:28  Roach  
  100  7:33  Roach x7  
  114  7:38  Overlord  
  114  7:39  Overlord  
  114  7:45  Ravager x2  
  114  7:47  Ravager  
  114  7:48  Drone  
  114  7:49  Drone x4  
  122  7:51  Extractor  
  122  7:52  Overlord  
  122  7:54  Extractor, Ravager  
  122  7:55  Overlord  
  123  7:58  Roach  
  123  8:03  Overlord  
  123  8:04  Roach  
  123  8:05  Roach  
  127  8:11  Roach x3  
  133  8:15  Roach  
  133  8:16  Roach  
  133  8:19  Roach  
  139  8:22  Drone x4  
  139  8:26  Drone x2  
  139  8:27  Drone  
  146  8:30  Roach x2  
  130  8:42  Roach x5  
  130  8:43  Roach  
  144  8:48  Roach  
  144  8:49  Roach x2  
  144  8:50  Roach  
  148  8:56  Roach  
  148  8:57  Roach x2  
  148  8:58  Roach  
  144  9:03  Roach x3  
  144  9:09  Ravager  
  151  9:11  Drone x2  
  151  9:13  Extractor  
  151  9:14  Drone  
  153  9:19  Ravager  
  153  9:22  Overlord x2  
  154  9:27  Overlord  
  154  9:29  Hatchery  
  153  9:37  Overlord  
  153  9:39  Overlord  
  153  9:43  Roach x6  
  165  9:46  Roach  
  165  9:47  Ravager x2  
  165  9:48  Ravager  
  165  9:51  Ravager  
  171  9:54  Hydralisk Den, Roach  
  171  9:56  Roach  
  171  9:57  Roach  
  171  9:58  Roach  
  178  10:00  Roach  
  178  10:06  Roach  
  178  10:07  Roach x2  
  184  10:11  Overseer  
  184  10:12  Drone  
  184  10:13  Drone  
  186  10:15  Overlord  
  186  10:26  Roach  
  184  10:32  Roach x7  
  186  10:38  Roach x4  
  186  10:40  Drone  
  185  10:43  Drone x2  
  185  10:46  Roach  
  185  10:47  Roach  
  187  10:52  Roach  
  187  10:54  Roach  
  183  11:01  Roach  
  183  11:03  Roach  
  183  11:04  Roach x4  
  185  11:08  Roach  
  185  11:09  Roach  
  162  11:16  Roach  
  162  11:18  Roach x4  
  166  11:26  Hydralisk  
  166  11:27  Hydralisk  
  166  11:29  Muscular Augments  
  166  11:31  Ravager x4  
  166  11:32  Ravager  
  175  11:37  Roach x2  
  179  11:40  Roach x2  
  179  11:43  Drone x2  
  179  11:45  Overlord  
  185  11:50  Roach  
  155  12:05  Roach x6  
  155  12:06  Roach x3  
  160  12:09  Hydralisk  
  160  12:12  Roach  
  162  12:18  Ravager x4  
  162  12:19  Roach  
  162  12:20  Roach  
  162  12:22  Roach  
  172  12:23  Roach  
  172  12:27  Hydralisk  
  176  12:34  Hydralisk  
  176  12:35  Overseer  
  170  12:44  Roach  
  170  12:45  Roach x4  
  170  12:48  Roach  
  182  12:51  Roach  
  182  12:54  Overseer  
  182  12:57  Spine Crawler  
  183  12:58  Hydralisk x2  
  183  13:00  Lurker Den  
  187  13:07  Roach  
  187  13:08  Roach  
  189  13:16  Roach x2  
  189  13:17  Roach  
  195  13:22  Hydralisk  
  195  13:23  Hydralisk  
  199  13:33  Roach  
  199  13:42  Overseer, Pneumatized Carapace  
  196  13:58  Hydralisk  
  196  13:59  Hydralisk  
  189  14:03  Roach  
  189  14:04  Roach x4  
  199  14:10  Spore Crawler  
  199  14:12  Spine Crawler  
  199  14:13  Spore Crawler  
  199  14:16  Hydralisk x2  
  200  14:37  Roach x3  
  199  14:42  Hydralisk x2  
  199  14:48  Roach  
  199  14:52  Roach x3  
  199  14:58  Lurker x4  
  199  15:02  Overseer x2  
  199  15:09  Extractor x2  
  182  15:37  Spore Crawler  
  181  15:44  Overlord  
  177  15:54  Overlord  
  171  16:00  Drone x3  
  171  16:01  Spine Crawler  
  173  16:07  Roach x2  
  173  16:08  Roach x5  
  176  16:13  Roach  
  176  16:15  Roach  
  176  16:16  Roach x9  
  176  16:17  Roach  
  160  16:19  Roach  
  160  16:20  Roach x2  
  160  16:22  Roach  
  146  16:31  Drone  
  146  16:32  Drone x2  
  143  16:35  Hydralisk  
  143  16:36  Queen  
  143  16:37  Queen x2  
  138  16:52  Hydralisk x5  
  148  16:56  Hydralisk x3  
  154  17:03  Hydralisk x2  
  154  17:05  Roach x2  
  154  17:07  Overseer  
  162  17:09  Roach x2  
  162  17:10  Roach  
  162  17:11  Roach x2  
  172  17:25  Roach x2  
  163  17:44  Lurker x8  
  163  17:51  Roach  
  173  17:59  Roach x2  
  177  18:16  Roach x3  
  175  18:34  Overlord  
  175  18:35  Overlord  
  175  18:36  Overlord x2  
  174  18:52  Hydralisk  
  174  18:54  Hydralisk x4  
  181  18:55  Drone  
  181  18:56  Roach x2  
  181  18:58  Roach  
  175  19:05  Roach x2  
  175  19:09  Overlord  
  169  19:11  Roach  
  163  19:17  Roach x2  
  167  19:33  Hydralisk  
  167  19:34  Hydralisk x2  
  167  19:36  Lurker x2  
  167  19:37  Lurker x2  
  167  19:38  Roach x3  
  183  19:45  Spine Crawler  
  182  19:53  Roach x3  
  188  20:32  Roach x2  
  188  20:35  Roach x4  
  178  20:38  Roach x6  
  178  20:39  Hydralisk  
  188  20:42  Hydralisk  
  188  20:43  Hydralisk  
  183  20:57  Hatchery  
  176  21:10  Hydralisk  
  165  21:13  Roach  
  161  21:19  Roach x2  
  161  21:20  Roach x6  
  161  21:21  Roach  
  161  21:25  Hydralisk  
  155  21:41  Hydralisk  
  149  21:54  Hydralisk x4  
  147  21:59  Roach  
  147  22:01  Spore Crawler  
  147  22:07  Hydralisk  
Show
View Real Time Build Order
Export as new Build Order

Snitchables Zerg 

Build Orders: Hatch First 

Get SALT Encoding   

  12  0:00  Drone  
  13  0:12  Overlord  
  13  0:17  Drone  
  14  0:31  Drone x2  
  14  0:35  Drone  
  17  0:45  Drone  
  18  0:56  Hatchery  
  17  0:58  Drone  
  17  1:02  Extractor  
  17  1:14  Spawning Pool  
  17  1:17  Drone  
  17  1:20  Drone  
  18  1:29  Drone  
  19  1:39  Overlord  
  19  2:01  Queen  
  19  2:02  Zergling x4  
  19  2:04  Metabolic Boost  
  19  2:07  Queen  
  25  2:10  Drone  
  25  2:14  Drone  
  27  2:18  Drone  
  27  2:22  Drone  
  29  2:29  Drone  
  30  2:34  Drone  
  30  2:35  Baneling Nest  
  30  2:40  Drone  
  31  2:47  Zergling x2  
  32  2:53  Drone  
  32  2:55  Zergling x2  
  34  3:01  Drone  
  34  3:09  Zergling x4  
  35  3:22  Baneling  
  35  3:23  Zergling x2  
  35  3:25  Overlord  
  36  3:28  Overlord  
  36  3:38  Hatchery  
  36  3:40  Zergling x2  
  35  3:51  Zergling x16  
  35  3:55  Drone  
  41  3:57  Drone x2  
  41  4:02  Drone  
  44  4:08  Drone  
  45  4:14  Drone  
  45  4:15  Roach Warren  
  45  4:16  Baneling x3  
  45  4:19  Drone  
  45  4:22  Lair  
  45  4:25  Drone x2  
  45  4:26  Evolution Chamber  
  40  4:39  Drone x6  
  44  4:47  Drone  
  44  4:51  Queen  
  44  4:52  Zerg Missile Weapons Level 1  
  46  4:55  Drone x3  
  46  4:56  Extractor  
  46  4:57  Drone  
  49  5:02  Drone x3  
  49  5:04  Drone  
  53  5:08  Overlord  
  53  5:12  Overlord  
  53  5:19  Overlord x2  
  53  5:21  Glial Reconstitution  
  53  5:24  Extractor  
  53  5:28  Roach x3  
  58  5:30  Drone  
  58  5:33  Drone x3  
  62  5:36  Drone x2  
  62  5:38  Drone  
  65  5:48  Roach x2  
  69  5:51  Overlord  
  69  5:55  Roach x4  
  77  5:57  Roach  
  77  5:58  Roach  
  77  6:02  Unknown  
  81  6:08  Overlord x2  
  81  6:10  Zergling x2  
  82  6:13  Overlord  
  80  6:21  Roach  
  80  6:22  Roach  
  82  6:26  Roach  
  82  6:29  Roach x6  
  82  6:32  Roach x2  
  93  6:39  Roach  
  93  6:40  Roach, Zergling x4  
  93  6:46  Roach  
  93  6:47  Roach, Queen x2  
  90  6:57  Roach x4  
  96  7:03  Roach x2  
  99  7:16  Roach x4  
  99  7:19  Overlord x2  
  106  7:25  Queen  
  106  7:29  Roach x2  
  104  7:31  Roach  
  104  7:32  Roach  
  104  7:35  Spine Crawler  
  105  7:38  Extractor, Roach x3  
  105  7:39  Roach  
  105  7:43  Roach  
  114  7:51  Drone x2  
  114  7:52  Drone  
  114  7:55  Extractor  
  114  7:57  Overlord x3  
  114  7:58  Roach x2  
  122  8:05  Roach  
  122  8:08  Zerg Missile Weapons Level 2  
  122  8:09  Overlord x2  
  122  8:13  Overlord x2  
  122  8:19  Roach x3  
  128  8:26  Roach x3  
  128  8:27  Roach  
  136  8:28  Roach  
  136  8:29  Roach  
  120  8:41  Roach  
  120  8:42  Roach x6  
  132  8:49  Roach  
  132  8:56  Roach x3  
  130  9:04  Roach x5  
  130  9:05  Ravager  
  141  9:10  Extractor  
  141  9:11  Roach  
  141  9:15  Roach  
  141  9:16  Roach  
  146  9:18  Ravager  
  146  9:19  Overlord  
  146  9:21  Roach x2  
  146  9:22  Roach x2  
  155  9:24  Roach  
  155  9:28  Drone x2  
  155  9:29  Drone x2  
  161  9:34  Overlord  
  161  9:36  Overlord  
  161  9:38  Overseer  
  161  9:39  Roach x2  
  165  9:49  Roach x2  
  169  9:53  Overlord x2  
  169  9:56  Ravager  
  169  9:57  Ravager x2  
  169  9:58  Ravager  
  173  10:07  Roach x5  
  179  10:15  Roach  
  179  10:16  Roach x4  
  179  10:20  Ravager  
  175  10:39  Roach x2  
  175  10:40  Roach x10  
  195  10:45  Ravager  
  192  10:55  Roach x6  
  197  11:01  Ravager  
  190  11:09  Roach x7  
  179  11:18  Roach x5  
  181  11:20  Overseer  
  181  11:26  Ravager x2  
  181  11:29  Ravager  
  184  11:38  Roach x3  
  190  11:47  Hatchery  
  174  11:55  Roach x7  
  169  12:03  Roach  
  169  12:04  Roach x3  
  175  12:10  Zerg Ground Armor Level 1  
  171  12:16  Overlord  
  171  12:19  Tunneling Claws, Burrow  
  171  12:24  Ravager  
  171  12:25  Ravager  
  171  12:26  Ravager  
  171  12:29  Roach x2  
  178  12:33  Overlord  
  178  12:37  Roach x3  
  173  12:46  Roach x3  
  179  13:02  Ravager  
  179  13:03  Ravager  
  179  13:05  Overlord  
  181  13:19  Ravager x3  
  185  13:20  Ravager, Roach  
  185  13:21  Roach x6  
  193  13:35  Roach x20  
  155  14:09  Roach  
  150  14:11  Roach x2  
  150  14:12  Roach x14  
  150  14:15  Roach x7  
  150  14:16  Roach x11  
  182  14:26  Roach x7  
  187  14:39  Roach  
  187  14:40  Roach x3  
  187  14:44  Ravager x5  
  187  14:45  Roach  
  200  14:47  Roach x4  
  191  14:59  Ravager  
  191  15:00  Ravager x2  
  191  15:01  Roach x4  
  198  15:19  Roach x18  
  190  15:21  Roach x2  
  190  15:22  Roach x3  
  190  15:25  Extractor, Spire, Roach x4  
  190  15:26  Extractor  
  193  15:31  Roach  
  193  15:32  Roach x2  
  195  15:54  Overseer, Pneumatized Carapace  
  195  16:03  Roach x4  
  190  16:17  Roach  
  190  16:18  Roach x14  
  134  16:27  Roach x3  
  134  16:31  Roach x3  
  138  16:35  Roach x3  
  130  16:45  Roach x4  
  120  16:57  Roach  
  120  16:58  Roach x3  
  126  17:04  Roach x4  
  126  17:08  Ravager x5  
  138  17:09  Ravager x2  
  141  17:19  Roach x4  
  141  17:20  Roach x26  
  149  17:24  Roach x26  
  149  17:25  Roach  
  149  17:26  Roach x3  
  153  17:35  Roach x31  
  161  17:43  Roach x4  
  161  17:44  Roach  
  161  17:45  Roach x6  
  161  17:46  Roach x3  
  175  17:55  Ravager x4  
  175  17:57  Roach  
  181  18:02  Hatchery  
  181  18:04  Roach x2  
  184  18:06  Overlord  
  184  18:29  Roach  
  184  18:30  Roach x3  
  178  18:54  Roach  
  178  18:55  Roach x8  
  190  19:01  Roach  
  184  19:03  Overlord x3  
  184  19:08  Roach x7  
  182  19:15  Overseer  
  178  19:17  Overseer  
  176  19:41  Mutalisk x7  
  190  19:48  Mutalisk  
  190  19:51  Mutalisk  
  194  20:01  Zerg Flyer Weapons Level 1  
  194  20:02  Extractor x2  
  194  20:13  Mutalisk x2  
  138  20:43  Mutalisk  
  138  20:44  Mutalisk x2  
  138  20:45  Zergling x2  
  138  20:46  Zergling x10  
  76  21:28  Roach Warren  
  76  21:30  Mutalisk x2  
  59  21:36  Zergling x2  
  59  21:37  Zergling x12  
  66  21:46  Drone x2  
  61  21:51  Drone x8  
  61  21:54  Mutalisk  
  62  22:09  Hatchery  
Tags
 
Add a new tag
Caveats
  • Supply blocks, unpowered buildings, or Contaminate may cause inaccurate times.
  • Supply counts are checked every 10 seconds.